 Dungeon Crawl Stone Soup version 0.30-a0-639-g3916f1956a (webtiles) character file.

Game seed: 15109332695081338857

52 wormed the Ruffian (level 3, 0/29 HPs)
             Began as a Draconian Transmuter on Jan 16, 2023.
             Slain by a kobold
             ... wielding a +0 short sword
              (2 damage)
             ... on level 2 of the Dungeon.
             The game lasted 00:01:35 (901 turns).

wormed the Ruffian (Draconian Transmuter)            Turns: 901, Time: 00:01:36

Health: 0/29       AC:  5    Str: 12    XL:     3   Next: 60%
Magic:  5/6        EV: 12    Int: 15    God:
Gold:   45         SH:  0    Dex: 11    Spells: 3/6 levels left

rFire   . . .      SeeInvis .      - Unarmed
rCold   . . .      Faith    .    (no shield)
rNeg    . . .      Spirit   .    (body armour unavailable)
rPois   +          Reflect  .    (helmet restricted)
rElec   .          Harm     .    (no cloak)
rCorr   .          Rampage  .    (no gloves)
Will    .....                    (no boots)
Stlth   +                        (no amulet)
HPRegen 0.24/turn                d - ring of poison resistance
MPRegen 0.10/turn                (no ring)

@: no status effects
A: AC +5, unfitting armour, cold-blooded
a: no special abilities


You were on level 2 of the Dungeon.
You visited 1 branch of the dungeon, and saw 2 of its levels.

You collected 45 gold pieces.

Inventory:

Jewellery
 d - a ring of poison resistance (left hand)
Scrolls
 e - a scroll of identify {unknown}
 f - a scroll of brand weapon {unknown}
Potions
 a - a potion of lignification
 b - a potion of curing {unknown}
 c - a potion of mutation {unknown}


   Skills:
 + Level 1.9 Fighting
 + Level 2.2 Dodging
 + Level 3.4 Unarmed Combat
 + Level 2.3 Spellcasting
 + Level 2.5 Transmutations


You had 3 spell levels left.
You knew the following spells:

 Your Spells              Type           Power      Damage    Failure   Level
a - Beastly Appendage     Tmut           18%        N/A       8%          1
b - Wereblood             Tmut           9%         N/A       12%         2

Your spell library contained the following spells:

 Spells                   Type           Power      Damage    Failure   Level
 Spider Form              Tmut/Pois      5%         N/A       36%         3
 Ice Form                 Ice/Tmut       5%         N/A       77%         4


Dungeon Overview and Level Annotations

Branches:
Dungeon (2/15)

Altars:

Shops:
D:1 (

Annotations:
D:2 Terence


Innate Abilities, Weirdness & Mutations

Your plain brown scales are hard. (AC +5)
You cannot fit into any form of body armour.
You are cold-blooded and may be slowed by cold attacks.


Message History

Terence is severely wounded.
You barely miss Terence.
You tail-slap Terence, but do no damage.
Terence is severely wounded.
Terence hits you but does no damage. The kobold barely misses you.
The giant cockroach bites you but does no damage.
You hit Terence but do no damage.
Terence is severely wounded.
Terence misses you.
The kobold hits you with a +0 short sword.
The giant cockroach misses you.
You hit Terence but do no damage.
Terence is severely wounded.
Terence hits you with a +0 short sword.
The kobold hits you with a +0 short sword.
The giant cockroach barely misses you.
You hit Terence but do no damage.
Terence is severely wounded.
Terence hits you with a +0 short sword. The giant cockroach closely misses you.
The kobold hits you but does no damage.
You hit Terence. You tail-slap Terence.
Terence is severely wounded.
The giant cockroach barely misses you.
The kobold hits you with a +0 short sword.
Terence misses you. The giant cockroach closely misses you.
You hit the kobold.
You tail-slap the kobold, but do no damage.
The kobold is moderately wounded.
The kobold closely misses you. Terence barely misses you.
The giant cockroach misses you.
You closely miss the kobold. The kobold hits you but does no damage.
Terence hits you with a +0 short sword.
* * * LOW HITPOINT WARNING * * *
The giant cockroach misses you.
You barely miss the kobold. You tail-slap the kobold.
The kobold is severely wounded.
Terence hits you with a +0 short sword.
* * * LOW HITPOINT WARNING * * *
The kobold hits you with a +0 short sword.
You die...

#####.#.# #.....#.#
#.....#.###
#.....?...#
#.........#
#.........#
#...@KB...#
#....@....#
#####.#.### .##
#.#.# ..# #.#.# #.#
#.#.# #.# ###...#
#########.####.....#
..................#
#.......###.##...#


You could see Terence, a giant cockroach and a kobold.

Vanquished Creatures
  A dart slug (D:1)
  8 ball pythons
  5 bats (D:1)
  6 endoplasms
  4 giant cockroaches (D:1)
  2 goblins (D:1)
  4 hobgoblins
  3 quokkas (D:1)
  4 frilled lizards
  4 kobolds (D:1)
  2 rats (D:1)
43 creatures vanquished.

Notes
Turn   | Place    | Note
-------+----------+-------------------------------------------
     0 | D:1      | wormed the Draconian Transmuter began the quest for the
                  | Orb.
     0 | D:1      | Reached XP level 1. HP: 16/16 MP: 3/3
   125 | D:1      | Found Zuliu's Antique Weapon Emporium.
   162 | D:1      | Reached XP level 2. HP: 23/23 MP: 3/5
   328 | D:1      | Reached XP level 3. HP: 29/29 MP: 6/6
   768 | D:1      | Learned a level 2 spell: Wereblood
   876 | D:2      | Noticed Terence
   901 | D:2      | Slain by a kobold

Illustrated notes

Levels and vault maps discovered:
D:1:      lightli_arrival_isolated_outpost, layout_basic, serial_shops, shop,
          chequers_arboretum, minmay_bisected
D:2:      layout_basic, uniq_terence

Skill      XL: |  1  2 |
---------------+-------+-----
Dodging        | 2 |  2.2
Fighting       | |  1.9
Unarmed Combat | |  3.4
Spellcasting   | |  2.3
Transmutations | |  2.5

Action                   || total
-------------------------++-------
Melee: Unarmed           ||   152
       Tailslap          ||    29
       Kick              ||     6
       Punch             ||     3
       Headbutt          ||     4
 Cast: Beastly Appendage ||     9
  Use: Scroll            ||     2
 Stab: Sleeping          ||     2
Armor: Skin              ||    55
Dodge: Dodged            ||   121

Table legend: (Time is in decaauts)
 A = Elapsed time spent in this place.
 B = Non-inter-level travel time spent in this place.
 C = Inter-level travel time spent in this place.
 D = Time resting spent in this place.
 E = Time spent auto-exploring this place.
 F = Levels seen in this place.
 G = Mean time per level.
                   A        B        C        D        E       F      G
               +--------+--------+--------+--------+--------+-----+--------+
         Total |    898 |    885 |     13 |      0 |    600 |   2 |  449.0 |
       Dungeon |    898 |    885 |     13 |      0 |    600 |   2 |  449.0 |
               +--------+--------+--------+--------+--------+-----+--------+

Top non-repeatable levels by time:
     D:1: 779 daAuts
     D:2: 118 daAuts
